TOP OF THE 1ST |
Greenville Drive batting - Pitching for Cedar Rapids Kernels : LHP Jon Lizarraga
|
Pitching: LHP Jon Lizarraga
|
|
Batting: RHB Tony Nunez
|
0-0: Foul Ball, location: 2F 0-1: Foul Ball, location: 2F 0-2: Ground out 1-3 (Groundball, 34S, EV 68.1 MPH)
|
Batting: RHB Ted Emmerich
|
0-0: Ball 1-0: Ball 2-0: Foul Ball, location: 2F 2-1: Ball 3-1: Called Strike 3-2: Ground out 1-3 (Groundball, 15S, EV 75.6 MPH)
|
Batting: RHB Alex Cardenas
|
0-0: Ball 1-0: Called Strike 1-1: Foul Ball, location: 2F 1-2: Ball 2-2: Ground out 4-3 (Groundball, 4, EV 80.0 MPH)
|
Top of the 1st over - 0 runs, 0 hits, 0 errors, 0 left on base; Greenville 0 - Cedar Rapids 0 |
BOTTOM OF THE 1ST |
Cedar Rapids Kernels batting - Pitching for Greenville Drive : RHP Su-wu Yang
|
Pitching: RHP Su-wu Yang
|
|
Batting: RHB David McDonald
|
0-0: Ball 1-0: Ball 2-0: Ball 3-0: Called Strike 3-1: Swinging Strike 3-2: Fly out, F9 (Line Drive, 9LM, EV 94.4 MPH)
|
Batting: RHB Tim Carter
|
0-0: Swinging Strike 0-1: Called Strike 0-2: Ground out 5-3 (Groundball, 56, EV 110.0 MPH)
|
Batting: LHB Kuemon Shishido
|
0-0: Foul Ball, location: 2F 0-1: Fly out, F8 (Flyball, 8RM, EV 83.8 MPH)
|
Bottom of the 1st over - 0 runs, 0 hits, 0 errors, 0 left on base; Greenville 0 - Cedar Rapids 0 |
TOP OF THE 2ND |
Greenville Drive batting - Pitching for Cedar Rapids Kernels : LHP Jon Lizarraga
|
Batting: RHB Adugna Chandu
|
0-0: Ball 1-0: Ball 2-0: Called Strike 2-1: Swinging Strike 2-2: Strikes out looking
|
Batting: RHB Paul Long
|
0-0: Ball 1-0: Foul Ball, location: 2F 1-1: Foul Ball, location: 2F 1-2: Foul Ball, location: 2F 1-2: Ball 2-2: Ball 3-2: Strikes out looking
|
Batting: RHB Bobby Schimke
|
0-0: Foul Ball, location: 2F 0-1: Foul Ball, location: 2F 0-2: SINGLE (Line Drive, 78S, EV 91.2 MPH)
|
Batting: LHB Carlos Guerra
|
0-0: Fly out, F8 (Flyball, 8LS, EV 83.8 MPH)
|
Top of the 2nd over - 0 runs, 1 hit, 0 errors, 1 left on base; Greenville 0 - Cedar Rapids 0 |
BOTTOM OF THE 2ND |
Cedar Rapids Kernels batting - Pitching for Greenville Drive : RHP Su-wu Yang
|
Batting: LHB Shaun Price
|
0-0: Ball 1-0: Ball 2-0: Called Strike 2-1: Foul Ball, location: 2F 2-2: Strikes out swinging
|
Batting: LHB Brian Wagner
|
0-0: Ball 1-0: Ball 2-0: Foul Ball, location: 2F 2-1: Ball 3-1: Called Strike 3-2: Base on Balls
|
Batting: LHB Marvin Shepherd
|
0-0: Called Strike 0-1: Swinging Strike 0-2: Strikes out swinging
|
Batting: RHB Chris Bejarano
|
0-0: Called Strike 0-1: Swinging Strike 0-2: Ball 1-2: Strikes out swinging
|
Bottom of the 2nd over - 0 runs, 0 hits, 0 errors, 1 left on base; Greenville 0 - Cedar Rapids 0 |
TOP OF THE 3RD |
Greenville Drive batting - Pitching for Cedar Rapids Kernels : LHP Jon Lizarraga
|
Batting: RHB Scott Hawkins
|
0-0: Called Strike 0-1: Ball 1-1: Ball 2-1: Foul Ball, location: 2F 2-2: Foul Ball, location: 2F 2-2: Foul Ball, location: 2F 2-2: Foul Ball, location: 2F 2-2: Strikes out looking
|
Batting: RHB Roger Mitchell
|
0-0: Ball 1-0: Foul Ball, location: 2F 1-1: Foul Ball, location: 2F 1-2: Strikes out swinging
|
Batting: RHB Tony Nunez
|
0-0: Called Strike 0-1: Ball 1-1: Ball 2-1: Ball 3-1: Base on Balls
|
Batting: RHB Ted Emmerich
|
0-0: Called Strike Tony Nunez is caught stealing 2nd base 2-4
|
Top of the 3rd over - 0 runs, 0 hits, 0 errors, 0 left on base; Greenville 0 - Cedar Rapids 0 |
BOTTOM OF THE 3RD |
Cedar Rapids Kernels batting - Pitching for Greenville Drive : RHP Su-wu Yang
|
Batting: LHB Hector Olvera
|
0-0: Ball 1-0: Fly out, F4 (Popup, 34, EV 61.9 MPH)
|
Batting: RHB Antonio Santos
|
0-0: Called Strike 0-1: Ball 1-1: Ground out 4-3 (Groundball, 4, EV 97.5 MPH)
|
Batting: RHB David McDonald
|
0-0: Ball 1-0: Fly out, F5 (Popup, 25F, EV 75.0 MPH)
|
Bottom of the 3rd over - 0 runs, 0 hits, 0 errors, 0 left on base; Greenville 0 - Cedar Rapids 0 |
TOP OF THE 4TH |
Greenville Drive batting - Pitching for Cedar Rapids Kernels : LHP Jon Lizarraga
|
Batting: RHB Ted Emmerich
|
0-0: Fly out, F7 (Line Drive, 78M, EV 89.4 MPH)
|
Batting: RHB Alex Cardenas
|
0-0: Ball 1-0: Fly out, F8 (Flyball, 8LM, EV 86.9 MPH)
|
Batting: RHB Adugna Chandu
|
0-0: Ball 1-0: Ball 2-0: Called Strike 2-1: Ground out 6-3 (Groundball, 6, EV 89.4 MPH)
|
Top of the 4th over - 0 runs, 0 hits, 0 errors, 0 left on base; Greenville 0 - Cedar Rapids 0 |
BOTTOM OF THE 4TH |
Cedar Rapids Kernels batting - Pitching for Greenville Drive : RHP Su-wu Yang
|
Batting: RHB Tim Carter
|
0-0: Ground out 6-3 (Groundball, 6, EV 82.5 MPH)
|
Batting: LHB Kuemon Shishido
|
0-0: DOUBLE (Line Drive, 78XD, EV 111.2 MPH)
|
Batting: LHB Shaun Price
|
0-0: Ball 1-0: Called Strike 1-1: Ball 2-1: Foul Ball, location: 2F 2-2: Foul Ball, location: 2F 2-2: Ground out 5-3 (Groundball, 6S, EV 85.6 MPH)
|
Batting: LHB Brian Wagner
|
0-0: Swinging Strike 0-1: Ball 1-1: Ball 2-1: Foul Ball, location: 2F 2-2: Ball 3-2: SINGLE (Line Drive, 4MD, EV 107.5 MPH) Kuemon Shishido to third
|
Batting: LHB Marvin Shepherd
|
0-0: Called Strike 0-1: Foul Ball, location: 2F 0-2: Ball 1-2: Strikes out looking
|
Bottom of the 4th over - 0 runs, 2 hits, 0 errors, 2 left on base; Greenville 0 - Cedar Rapids 0 |
TOP OF THE 5TH |
Greenville Drive batting - Pitching for Cedar Rapids Kernels : LHP Jon Lizarraga
|
Batting: RHB Paul Long
|
0-0: Swinging Strike 0-1: Swinging Strike 0-2: Strikes out looking
|
Batting: RHB Bobby Schimke
|
0-0: Ground out 4-3 (Groundball, 4, EV 84.4 MPH)
|
Batting: LHB Carlos Guerra
|
0-0: Called Strike 0-1: Swinging Strike 0-2: Ball 1-2: Ball 2-2: Foul Ball, location: 2F 2-2: SINGLE (Groundball, 56D, EV 104.4 MPH)
|
Batting: RHB Scott Hawkins
|
0-0: Foul Ball, location: 2F 0-1: Ball 1-1: Ball Passed Ball! Carlos Guerra to second 2-1: Fly out, F3 (Popup, 34, EV 58.8 MPH)
|
Top of the 5th over - 0 runs, 1 hit, 0 errors, 1 left on base; Greenville 0 - Cedar Rapids 0 |
BOTTOM OF THE 5TH |
Cedar Rapids Kernels batting - Pitching for Greenville Drive : RHP Su-wu Yang
|
Batting: RHB Chris Bejarano
|
0-0: Ball 1-0: Called Strike 1-1: Foul Ball, location: 2F 1-2: Foul Ball, location: 2F 1-2: Strikes out swinging
|
Batting: LHB Hector Olvera
|
0-0: Called Strike 0-1: Foul Ball, location: 2F 0-2: Strikes out swinging
|
Batting: RHB Antonio Santos
|
0-0: Foul Ball, location: 2F 0-1: Ball 1-1: Ball 2-1: Fly out, F8 (Flyball, 8LS, EV 88.1 MPH)
|
Bottom of the 5th over - 0 runs, 0 hits, 0 errors, 0 left on base; Greenville 0 - Cedar Rapids 0 |
TOP OF THE 6TH |
Greenville Drive batting - Pitching for Cedar Rapids Kernels : LHP Jon Lizarraga
|
Batting: RHB Roger Mitchell
|
0-0: Called Strike 0-1: Ball 1-1: Swinging Strike 1-2: Ball 2-2: Ball 3-2: Strikes out swinging
|
Batting: RHB Tony Nunez
|
0-0: Called Strike 0-1: Fly out, F8 (Flyball, 8LS, EV 92.5 MPH)
|
Batting: RHB Ted Emmerich
|
0-0: Ball 1-0: Ball 2-0: Ground out U3 (Groundball, 34, EV 79.4 MPH)
|
Top of the 6th over - 0 runs, 0 hits, 0 errors, 0 left on base; Greenville 0 - Cedar Rapids 0 |
BOTTOM OF THE 6TH |
Cedar Rapids Kernels batting - Pitching for Greenville Drive : RHP Su-wu Yang
|
Batting: RHB David McDonald
|
0-0: SINGLE (Flyball, 6D, EV 87.5 MPH)
|
Batting: RHB Tim Carter
|
Pickoff Throw to First - Out! 1-3 0-0: SINGLE (Groundball, 6D, EV 103.1 MPH)
|
Batting: LHB Kuemon Shishido
|
0-0: Ball 1-0: Ball 2-0: Called Strike Tim Carter is caught stealing 2nd base 2-6 2-1: SINGLE (Flyball, 9S, EV 90.0 MPH)
|
Batting: LHB Shaun Price
|
0-0: Ball 1-0: Called Strike 1-1: Swinging Strike 1-2: Foul Ball, location: 2F 1-2: Ball 2-2: Ball 3-2: Base on Balls Kuemon Shishido to second
|
Batting: LHB Brian Wagner
|
0-0: Foul Ball, location: 2F 0-1: Ball 1-1: SINGLE (Line Drive, 9LM, EV 91.9 MPH) Kuemon Shishido to third Shaun Price to second
|
Batting: LHB Marvin Shepherd
|
0-0: Foul Ball, location: 2F 0-1: Foul Ball, location: 2F 0-2: Ball 1-2: Foul Ball, location: 2F 1-2: Ball 2-2: Foul Ball, location: 2F 2-2: Ball 3-2: Foul Ball, location: 2F 3-2: Foul Ball, location: 2F 3-2: Foul Ball, location: 2F 3-2: SINGLE (Flyball, 6MD, EV 85.6 MPH) Kuemon Shishido scores Shaun Price to third Brian Wagner to second Shaun Price scores Brian Wagner to third
|
Pitching: RHP Jon Olivo
|
|
Batting: RHB Chris Bejarano
|
0-0: Called Strike 0-1: Called Strike Marvin Shepherd is caught stealing 2nd base 2-4
|
Bottom of the 6th over - 2 runs, 5 hits, 0 errors, 1 left on base; Greenville 0 - Cedar Rapids 2 |
TOP OF THE 7TH |
Greenville Drive batting - Pitching for Cedar Rapids Kernels : LHP Jon Lizarraga
|
Batting: RHB Alex Cardenas
|
0-0: Called Strike 0-1: Ball 1-1: Called Strike 1-2: Foul Ball, location: 2F 1-2: Ball 2-2: Ball 3-2: Foul Ball, location: 2F 3-2: Foul Ball, location: 2F 3-2: Foul Ball, location: 2F 3-2: SOLO HOME RUN (Flyball, 7D, EV 97.5 MPH), Distance : 373 ft
|
Pitching: RHP Steven Legge
|
|
Pinch Hitting: LHB Eddie Contreras
|
0-0: Foul Ball, location: 2F 0-1: Swinging Strike 0-2: Ball 1-2: Ball 2-2: SINGLE (Groundball, 6MD, EV 101.9 MPH)
|
Batting: RHB Paul Long
|
0-0: Called Strike 0-1: Ball 1-1: Called Strike 1-2: Strikes out swinging
|
Batting: RHB Bobby Schimke
|
0-0: Ball 1-0: Grounds into double play, 6-4-3 (Groundball, 6, EV 103.1 MPH)
|
Top of the 7th over - 1 run, 2 hits, 0 errors, 0 left on base; Greenville 1 - Cedar Rapids 2 |
BOTTOM OF THE 7TH |
Cedar Rapids Kernels batting - Pitching for Greenville Drive : RHP Jon Olivo
|
Now at 1B: Eddie Contreras
|
|
Now at 2B: Tony Nunez
|
|
Batting: RHB Chris Bejarano
|
0-0: Ball 1-0: Swinging Strike 1-1: Ball 2-1: Ball 3-1: Swinging Strike 3-2: Base on Balls
|
Batting: LHB Hector Olvera
|
0-0: Ball 1-0: Called Strike 1-1: Fielders Choice at 2nd, 6-4 (Groundball, 56, EV 88.8 MPH)
|
Batting: RHB Antonio Santos
|
0-0: Ball 1-0: Swinging Strike 1-1: Fly out, F8 (Flyball, 8RD, EV 100.6 MPH)
|
Batting: RHB David McDonald
|
0-0: Called Strike 0-1: DOUBLE (Line Drive, 9LM, EV 106.9 MPH) Hector Olvera to third
|
Batting: RHB Tim Carter
|
0-0: Ball 1-0: Swinging Strike 1-1: Ball 2-1: Fly out, F7 (Flyball, 7, EV 77.5 MPH)
|
Bottom of the 7th over - 0 runs, 1 hit, 0 errors, 2 left on base; Greenville 1 - Cedar Rapids 2 |
TOP OF THE 8TH |
Greenville Drive batting - Pitching for Cedar Rapids Kernels : RHP Steven Legge
|
DELAY
|
Rain delay of 24 minutes in the 8th inning.
|
Pitching: LHP Mark Challinor
|
|
Now in LF: Dave Berry
|
|
Now in CF: Marvin Shepherd
|
|
Pinch Hitting: RHB Mike Rosa
|
0-0: Ball 1-0: Called Strike 1-1: Ground out 4-3 (Groundball, 4, EV 84.4 MPH)
|
Batting: RHB Scott Hawkins
|
0-0: Ball 1-0: Ball 2-0: Foul Ball, location: 2F 2-1: Ball 3-1: Called Strike 3-2: Foul Ball, location: 2F 3-2: DOUBLE (Line Drive, 78D, EV 112.5 MPH)
|
Batting: SHB Robert Soto
|
0-0: Ball 1-0: Foul Ball, location: 2F 1-1: Ball 2-1: Foul Ball, location: 2F 2-2: Foul Ball, location: 2F 2-2: Ground out 5-3 (Groundball, 56, EV 83.8 MPH)
|
Batting: RHB Tony Nunez
|
0-0: Ball 1-0: Swinging Strike 1-1: Swinging Strike 1-2: Ground out 6-3 (Groundball, 6, EV 105.6 MPH)
|
Top of the 8th over - 0 runs, 1 hit, 0 errors, 1 left on base; Greenville 1 - Cedar Rapids 2 |
BOTTOM OF THE 8TH |
Cedar Rapids Kernels batting - Pitching for Greenville Drive : RHP Jon Olivo
|
Pitching: LHP Anton Lara
|
|
Now in LF: Mike Rosa
|
|
Batting: LHB Kuemon Shishido
|
0-0: Called Strike 0-1: Foul Ball, location: 2F 0-2: Strikes out swinging
|
Batting: LHB Shaun Price
|
0-0: SOLO HOME RUN (Flyball, 9D, EV 108.8 MPH), Distance : 415 ft
|
Batting: LHB Brian Wagner
|
0-0: Ball 1-0: Called Strike 1-1: Fly out, F8 (Line Drive, 8RM, EV 91.2 MPH)
|
Batting: LHB Marvin Shepherd
|
0-0: Swinging Strike 0-1: Ball 1-1: Ball 2-1: Called Strike 2-2: Foul Ball, location: 2F 2-2: Foul Ball, location: 2F 2-2: Foul Ball, location: 2F 2-2: Foul Ball, location: 2F 2-2: Strikes out swinging
|
Bottom of the 8th over - 1 run, 1 hit, 0 errors, 0 left on base; Greenville 1 - Cedar Rapids 3 |
TOP OF THE 9TH |
Greenville Drive batting - Pitching for Cedar Rapids Kernels : LHP Mark Challinor
|
Pitching: RHP Scot Abbott
|
|
Batting: RHB Ted Emmerich
|
0-0: Foul Ball, location: 2F 0-1: Foul Ball, location: 2F 0-2: Strikes out swinging
|
Pinch Hitting: LHB Danny Montoya
|
0-0: Ball 1-0: Foul Ball, location: 2F 1-1: Foul Ball, location: 2F 1-2: Foul Ball, location: 2F 1-2: Ball 2-2: Strikes out swinging
|
Batting: LHB Eddie Contreras
|
0-0: Ball 1-0: Called Strike 1-1: Swinging Strike 1-2: Strikes out swinging, 2-3 out at first.
|
Top of the 9th over - 0 runs, 0 hits, 0 errors, 0 left on base; Greenville 1 - Cedar Rapids 3 |
|